 Dungeon Crawl Stone Soup version 0.31-a0-486-g8d68a81214 (webtiles) character file.

Game seed: 2273990858124148523

3621 pokeman the Thaumaturge (level 9, 0/51 HPs)
             Began as a Deep Elf Hedge Wizard on Aug 8, 2023.
             Was a Follower of Vehumet.
             Slain by a vampire (10 damage)
             ... on level 9 of the Dungeon.
             The game lasted 00:16:35 (8951 turns).

pokeman the Thaumaturge (Deep Elf Hedge Wizard)     Turns: 8951, Time: 00:16:36

Health: 0/51       AC:  6    Str: 14    XL:     9   Next: 86%
Magic:  24/28      EV: 13    Int: 24    God:    Vehumet [*.....]
Gold:   499        SH:  0    Dex: 14    Spells: 25/34 levels left

rFire   + . .        q - +3 club (spect)
rCold   + . .        (no shield)
rNeg    . . .        n - +2 robe "Foned Ixipe" {Rampage *Corrode Str+7 Archmagi}
rPois   .            z - +0 helmet
rElec   .            y - scarf {rC+ rF+}
rCorr   .            (no gloves)
SInv    .            H - +0 pair of boots
Will    +....        (no amulet)
Stlth   ++           i - +4 ring of slaying
HPRegen 0.28/turn    B - ring of willpower
MPRegen 0.21/turn

%: corrode self (3%), rampage, archmagi
@: no status effects
A: no striking features
a: Renounce Religion


You were on level 9 of the Dungeon.
You worshipped Vehumet.
Vehumet was aware of your devotion.
You visited 2 branches of the dungeon, and saw 10 of its levels.

You collected 499 gold pieces.

Inventory:

Hand Weapons
 f - a +0 dagger of venom
 q - a +3 spectral club (weapon)
Armour
 n - the +2 robe "Foned Ixipe" (worn) {Rampage *Corrode Str+7 Archmagi}
   (You found it on level 2 of the Dungeon)

   Str:       It affects your strength (+7).
   *Corrode:  It may corrode you when you take damage.
   Rampage:   It bestows one free step when moving towards enemies.
   Archmagi:  It increases the power of your magical spells.
 y - a scarf of resistance (worn)
 z - a +0 helmet (worn)
 D - the +1 ring mail of Pantheism {rElec rC+}
   (You found it on level 4 of the Dungeon)

   rC:        It protects you from cold.
   rElec:     It insulates you from electricity.
 H - a +0 pair of boots (worn)
Magical Staves
 a - a staff of death
 x - a staff of conjuration
Jewellery
 i - a +4 ring of slaying (left hand)
 B - a ring of willpower (right hand)
 I - an amulet of guardian spirit
Wands
 F - a wand of roots (4)
 J - a wand of light (2)
 M - a wand of mindburst (4)
Scrolls
 g - 2 scrolls of blinking {unknown}
 h - a scroll of immolation {unknown}
 j - 4 scrolls of teleportation {unknown}
 m - a scroll of fear {unknown}
 p - 2 scrolls of summoning {unknown}
 r - 11 scrolls of identify {unknown}
 s - 2 scrolls of poison {unknown}
 u - a scroll of brand weapon {unknown}
 v - a scroll of noise {unknown}
 w - a scroll of revelation {unknown}
 C - a scroll of fog {unknown}
 E - 2 scrolls of amnesia {unknown}
 G - 2 scrolls of enchant armour {unknown}
 K - a scroll of enchant weapon {unknown}
Potions
 b - 7 potions of heal wounds {unknown}
 c - a potion of lignification {unknown}
 d - a potion of magic
 e - 4 potions of ambrosia {unknown}
 k - 3 potions of invisibility {unknown}
 l - 6 potions of enlightenment {unknown}
 o - 4 potions of resistance {unknown}
 t - 4 potions of might {unknown}
 A - 3 potions of curing {unknown}
 L - a potion of brilliance {unknown}
 N - a potion of attraction {unknown}
 O - a potion of mutation {unknown}


   Skills:
 - Level 3.3 Fighting
 + Level 3.9 Armour
 - Level 3.0 Dodging
 - Level 3.0 Stealth
 * Level 13.1 Spellcasting
 + Level 7.5 Conjurations
 - Level 1.1 Summonings
 - Level 1.0 Necromancy
 - Level 1.1 Translocations
 + Level 2.4 Fire Magic
 - Level 1.1 Air Magic
 - Level 1.0 Poison Magic
 - Level 1.1 Evocations


You had 25 spell levels left.
You knew the following spells:

 Your Spells              Type           Power      Damage    Failure   Level
a - Magic Dart            Conj           100%       1d8       1%          1
b - Mephitic Cloud        Conj/Pois/Air  46%        N/A       3%          3
c - Call Imp              Summ           62%        N/A       3%          2
d - Blink                 Tloc           62%        N/A       3%          2
e - Foxfire               Conj/Fire      100%       2x1d9     1%          1

Your spell library contained the following spells:

 Spells                   Type           Power      Damage    Failure   Level
 Apportation              Tloc           62%        N/A       2%          1
 Necrotise                Necr           100%       1d9       2%          1
 Summon Small Mammal      Summ           100%       N/A       2%          1
 Slow                     Hex            92%        N/A       3%          1
 Cigotuvi's Dreadful Rot  Necr/Pois/Air  62%        N/A       3%          2
 Sublimation of Blood     Necr           30%        N/A       3%          2
 Ensorcelled Hibernation  Hex/Ice        46%        N/A       6%          2
 Passwall                 Tmut/Erth      19%        N/A       6%          2
 Wereblood                Tmut           23%        N/A       6%          2
 Swiftness                Air            31%        N/A       7%          3
 Summon Hydra             Summ           15%        N/A       100%        7


Dungeon Overview and Level Annotations

Branches:
Dungeon (9/15)             Temple (1/1) D:5
   Lair: D:8-11         Orc: D:9-12

Altars:
Ashenzari
Cheibriados
Dithmenos
Elyvilon
Fedhas
Gozag
Hepliaklqana
Kikubaaqudgha
Makhleb
Nemelex Xobeh
Okawaru
Qazlal
Sif Muna
Trog
Uskayaw
Vehumet
Wu Jian
Xom
Yredelemnul
Zin
The Shining One

Annotations:
D:9 Erica


Message History

The howler monkey is severely wounded.
Unknown command.
Casting: Foxfire (safe; 1% risk of failure)
Confirm with . or Enter, or press ? or * to list all spells.
You feel a surge of power!
You conjure some foxfire!
The foxfire hits the howler monkey!
You kill the howler monkey!
Vehumet accepts your kill.
You feel your power returning.
The foxfire hits something.
Casting: Foxfire (safe; 1% risk of failure)
Confirm with . or Enter, or press ? or * to list all spells.
You feel a surge of power!
You conjure some foxfire!
The foxfire hits something but does no damage. x2
The foxfire hits something.
Unknown command.
Casting: Foxfire (safe; 1% risk of failure)
Confirm with . or Enter, or press ? or * to list all spells.
You feel a surge of power!
You conjure some foxfire!
The foxfire hits something but does no damage.
Erica the Fiery-Tempered comes into view.
She is wielding a +2 scimitar of flaming and wearing a +2 robe of resistance.
Unknown command.
Your foxfire dissipates!
Something hits you but does no damage. Something bites you!
Something draws strength from your injuries!
The foxfire hits something.
There is an open door here.
Something hits you. Something bites you.
Something draws strength from your injuries!
Something hits you. Something bites you.
Something draws strength from your injuries!
Something hits you. Something barely misses you.
Casting: Foxfire (safe; 1% risk of failure)
Confirm with . or Enter, or press ? or * to list all spells.
You feel a surge of power!
A tiny devil pulls itself out of the air.
Something hits you but does no damage. Something bites you!
* * * LOW HITPOINT WARNING * * *
Something draws strength from your injuries!
Something hits you!
You die...

#.## ##.# #..#
######### ##.#######
........# #........#
........#####........#
...@..†.'5.##........#
........##.##........#
........##@##........#
.....[..##...........<.
........#####...<....##
######### #........#
##########


You could see a friendly cerulean imp (summoned).

Vanquished Creatures
  Pikel (D:5)
  A troll (D:7)
  A yak (D:7)
  Menkaure (D:7)
  2 orc warriors
  2 sky beasts
  2 ice beasts
  A black bear (D:5)
  An ogre (D:6)
  2 lemures (D:5)
  3 centaurs
  2 phantoms
  4 bullfrogs
  2 scorpions
  5 killer bees (D:7)
  2 howler monkeys
  3 crimson imps (D:3)
  5 orc priests
  2 hounds
  3 jellies
  6 iguanas
  Jessica (D:2)
  Terence (D:2)
  3 orc wizards
  Natasha (thrice) (D:2)
  4 gnolls (D:6)
  2 adders (D:4)
  A shadow imp (D:8)
  2 white imps
  2 ufetubi
  2 worms
  3 dart slugs
  19 orcs
  7 ball pythons
  7 endoplasms
  A giant cockroach (D:4)
  7 hobgoblins
  6 jackals (D:5)
  4 quokkas
  2 bats (D:2)
  2 frilled lizards
  5 goblins
  3 kobolds
  8 rats
146 creatures vanquished.

Vanquished Creatures (others)
  57 foxfires
57 creatures vanquished.

Grand Total: 203 creatures vanquished

Notes
Turn   | Place    | Note
-------+----------+-------------------------------------------
     0 | D:1      | pokeman the Deep Elf Hedge Wizard began the quest for the
                  | Orb.
     0 | D:1      | Reached XP level 1. HP: 10/10 MP: 7/7
  1188 | D:2      | Reached XP level 2. HP: 15/15 MP: 9/9
  1354 | D:2      | Noticed Natasha
  1360 | D:2      | Killed Natasha
  1361 | D:2      | Reached skill level 5 in Spellcasting
  1361 | D:2      | Reached XP level 3. HP: 20/20 MP: 9/11
  1370 | D:2      | Learned a level 3 spell: Mephitic Cloud
  1373 | D:2      | Learned a level 2 spell: Call Imp
  1376 | D:2      | Learned a level 2 spell: Blink
  1493 | D:2      | Identified the +2 robe "Foned Ixipe" {Rampage *Corrode
                  | Str+7 Archmagi}
  1604 | D:2      | Noticed Jessica
  1614 | D:2      | Killed Jessica
  1615 | D:2      | Reached skill level 1 in Fighting
  1615 | D:2      | Reached skill level 1 in Armour
  1615 | D:2      | Reached XP level 4. HP: 18/25 MP: 2/13
  1843 | D:2      | Noticed Terence
  1877 | D:2      | Noticed Natasha
  1883 | D:2      | Killed Natasha
  1939 | D:2      | Killed Terence
  2204 | D:2      | Reached skill level 6 in Spellcasting
  2361 | D:2      | Noticed Natasha
  2369 | D:2      | Killed Natasha
  2370 | D:2      | Reached XP level 5. HP: 21/29 MP: 11/15
  2501 | D:3      | Found a shimmering altar of Xom.
  2676 | D:3      | Reached skill level 1 in Necromancy
  2696 | D:3      | Reached skill level 1 in Evocations
  2698 | D:3      | Reached XP level 6. HP: 20/34 MP: 2/17
  2935 | D:3      | Reached skill level 7 in Spellcasting
  2935 | D:3      | Reached skill level 1 in Air Magic
  3139 | D:3      | Reached skill level 1 in Poison Magic
  3645 | D:4      | Found an opulent altar of Gozag.
  3646 | D:4      | Found a glowing silver altar of Zin.
  3979 | D:4      | Found a stormy altar of Qazlal.
  4048 | D:4      | Identified the +1 ring mail of Pantheism {rElec rC+}
  4173 | D:5      | Entered Level 5 of the Dungeon
  4364 | D:5      | Noticed an ice beast
  4374 | D:5      | Killed an ice beast
  4375 | D:5      | Reached XP level 7. HP: 29/39 MP: 15/20
  4496 | D:5      | Found a white marble altar of Elyvilon.
  4571 | D:5      | Reached skill level 8 in Spellcasting
  4818 | D:5      | Found a staircase to the Ecumenical Temple.
  4833 | D:5      | Reached skill level 9 in Spellcasting
  4849 | Temple   | Entered the Ecumenical Temple
  4861 | Temple   | Became a worshipper of Vehumet
  5064 | D:4      | Found a sparkling altar of Nemelex Xobeh.
  5064 | D:4      | Found a broken altar of Ashenzari.
  5158 | D:5      | Noticed Pikel
  5180 | D:5      | Killed Pikel
  5181 | D:5      | Reached skill level 10 in Spellcasting
  5181 | D:5      | Reached skill level 5 in Conjurations
  5181 | D:5      | Reached XP level 8. HP: 24/46 MP: 17/24
  6289 | D:6      | You fall into a shaft and drop 3 floors!
  6495 | D:7      | Reached skill level 11 in Spellcasting
  6632 | D:7      | Reached XP level 9. HP: 35/51 MP: 17/26
  6733 | D:7      | Noticed a troll
  6890 | D:7      | Killed a troll
  6891 | D:7      | Reached skill level 12 in Spellcasting
  7001 | D:7      | Noticed Menkaure
  7020 | D:7      | Killed Menkaure
  7196 | D:6      | Found a glowing golden altar of the Shining One.
  7197 | D:6      | Found an iron altar of Okawaru.
  7267 | D:6      | Reached * piety under Vehumet
  7267 | D:6      | Offered knowledge of Foxfire by Vehumet.
  7270 | D:6      | Learned a level 1 spell: Foxfire
  7549 | D:6      | Found a snail-covered altar of Cheibriados.
  7793 | D:7      | Reached skill level 1 in Fire Magic
  7881 | D:7      | Found a hazy altar of Hepliaklqana.
  8228 | D:8      | Reached skill level 13 in Spellcasting
  8945 | D:9      | Noticed Erica
  8951 | D:9      | Slain by a vampire

Illustrated notes

Levels and vault maps discovered:
D:1:      dpeg_arrival_simpleton_c, layout_basic, minmay_misc_feat_room,
          supply_closet_lemuel, minmay_misc_feat_more_columns
D:2:      layout_loops_cross, uniq_natasha, uniq_jessica, uniq_terence
D:3:      layout_basic, led_xom_imps
D:4:      layout_cave_pools, grunt_temple_overflow_gold_and_silver,
          nicolae_qazlal_eye_of_the_storm, nicolae_overflow_hidden_temple
D:5:      layout_layer_cave, nicolae_elyvilon_peaceful_grove,
          minmay_temple_entry_waves, uniq_pikel
D:6:      hellmonk_destroyed_diamonds, layout_loops_ring,
          mainiacjoe_overflow_chevrons, mainiacjoe_overflow_divided_tiny
D:7:      layout_rooms, kennysheep_little_box, minmay_increasing_density,
          uniq_menkaure, uniq_joseph
D:8:      layout_gridville
D:9:      layout_roguey, uniq_erica
Temple:   hellmonk_temple_rainy

Skill      XL: |  1  2  3  4  5  6  7  8  9 |
---------------+----------------------------+-----
Spellcasting   | 5 6 7 10 11 13 | 13.1
Fighting       | 1 3 |  3.3
Armour         | 1 2 3 |  3.9
Conjurations   | 2 3 5 6 7 |  7.5
Stealth        | 3 |  3.0
Dodging        | 3 |  3.0
Necromancy     | 1 |  1.0
Evocations     | 1 |  1.1
Air Magic      | 1 |  1.1
Poison Magic   | 1 |  1.0
Fire Magic     | 2 |  2.4
Summonings     | |  1.1
Translocations | |  1.1

Action                     |  1- 3 |  4- 6 |  7- 9 || total
---------------------------+-------+-------+-------++-------
  Melee: Dagger            |    16 |       |       ||    16
         Club              |       |    58 |   119 ||   177
         Punch             |       |       |     4 ||     4
   Cast: Magic Dart        |    44 |    91 |    82 ||   217
         Mephitic Cloud    |     1 |    10 |    28 ||    39
         Call Imp          |       |     2 |     3 ||     5
         Blink             |       |       |     3 ||     3
         Foxfire           |       |       |    31 ||    31
  Evoke: Wand              |       |       |     1 ||     1
   Stab: Sleeping          |     1 |     4 |       ||     5
         Confused          |     1 |     2 |     8 ||    11
         Distracted        |       |     1 |     3 ||     4
 Armour: Robe              |     3 |     6 |    20 ||    29
  Dodge: Dodged            |    12 |    28 |    67 ||   107

Table legend: (Time is in decaauts)
 A = Elapsed time spent in this place.
 B = Non-inter-level travel time spent in this place.
 C = Inter-level travel time spent in this place.
 D = Time resting spent in this place.
 E = Time spent auto-exploring this place.
 F = Levels seen in this place.
 G = Mean time per level.
                   A        B        C        D        E       F      G
               +--------+--------+--------+--------+--------+-----+--------+
         Total |   9005 |   8726 |    279 |    164 |   7292 |  10 |  900.5 |
       Dungeon |   8980 |   8712 |    268 |    164 |   7292 |   9 |  997.8 |
        Temple |     24 |     13 |     11 |      0 |      0 |   1 |   24.0 |
               +--------+--------+--------+--------+--------+-----+--------+

Top non-repeatable levels by time:
     D:5: 1678 daAuts
     D:1: 1222 daAuts
     D:2: 1172 daAuts
     D:7: 1120 daAuts
     D:3: 1032 daAuts
     D:6: 865 daAuts
     D:8: 842 daAuts
     D:4: 767 daAuts
     D:9: 277 daAuts
  Temple: 24 daAuts
